 Dungeon Crawl Stone Soup version 0.16.1-2-g95b8d4c (webtiles) character file.

18 JustSomeDude the Magician (level 2, -1/21 HPs)
             Began as a Demonspawn Wanderer on Mar 25, 2015.
             Slain by a jackal (2 damage)
             ... on level 2 of the Dungeon.
             The game lasted 00:06:08 (835 turns).

JustSomeDude the Magician (Demonspawn Wanderer)      Turns: 835, Time: 00:06:08

Health: -1/21      AC:  5    Str: 13    XL:     2   Next: 51%
Magic:  5/5        EV: 15    Int: 13    God:
Gold:   102        SH:  0    Dex: 16    Spells: 1 memorised, 4 levels left

rFire  . . .     SeeInvis .     (no weapon)
rCold  . . .     Clarity  .     c - +0 ring mail
rNeg   . . .     SustAb   +     (no shield)
rPois  .         Gourm    .     (no helmet)
rElec  .         Spirit   .     (no cloak)
rCorr  .         Warding  .     (no gloves)
rMut   .         Stasis   .     (no boots)
MR     .....                    (no amulet)
Stlth  ++........               (no ring)
                                i - ring of sustain abilities

@: agile, not resistant to hostile enchantments, unstealthy
A: claws 1
a: no special abilities


You were on level 2 of the Dungeon.
You were not hungry.

You visited 1 branch of the dungeon, and saw 2 of its levels.

You collected 102 gold pieces.

Inventory:

Hand weapons
 d - a +0 club
 g - a +0 hunting sling
Missiles
 e - 20 sling bullets
Armour
 c - a +0 ring mail (worn)
Jewellery
 i - a ring of sustain abilities (left claw)
Scrolls
 h - 2 scrolls of identify {unknown}
 j - a scroll of blinking {unknown}
 l - a scroll of enchant armour {unknown}
Potions
 k - a potion of heal wounds {unknown}
Books
 a - a book of Minor Magic

   Spells                             Type                      Level
   a - Magic Dart                     Conjuration                  1
   b - Blink                          Translocation                2
   c - Call Imp                       Summoning                    2
   d - Repel Missiles                 Charms/Air                   2
   e - Slow                           Hexes                        2
   f - Conjure Flame                  Conjuration/Fire             3
   g - Mephitic Cloud                 Conjuration/Poison/Air       3
 b - the Collected Works on the Snowflakes

   Spells                             Type                      Level
   a - Freeze                         Ice                          1
   b - Ensorcelled Hibernation        Hexes/Ice                    2
Comestibles
 f - 3 bread rations


   Skills:
 + Level 1.2 Fighting
 + Level 1.0 Maces & Flails
 + Level 1.0 Throwing
 + Level 1.4 Armour
 + Level 0.3 Dodging
   Level 1.0 Shields
 + Level 0.1 Unarmed Combat
 + Level 2.3 Spellcasting
 + Level 0.2 Conjurations
   Level 1.0 Charms
   Level 1.7 Fire Magic


You had 4 spell levels left.
You knew the following spells:

 Your Spells              Type           Power        Failure   Level  Hunger
a - Magic Dart            Conj           #...         56%         1    #......


Dungeon Overview and Level Annotations

Branches:
Dungeon (2/15)

Altars:


Innate Abilities, Weirdness & Mutations

You have sharp fingernails.


Message History

The jackal bites you but does no damage. x2
The jackal closely misses you.
The jackal bites you but does no damage.
The jackal closely misses you.
You closely miss the jackal.
The jackal is almost dead.
The jackal misses you. The jackal closely misses you.
The jackal bites you but does no damage.
The hobgoblin hits you with a club.
* * * LOW HITPOINT WARNING * * *
You barely miss the jackal.
The jackal is almost dead.
The jackal is no longer bleeding.
The jackal completely misses you. The jackal bites you.
* * * LOW HITPOINT WARNING * * *
The jackal bites you but does no damage.
The jackal completely misses you.
The hobgoblin hits you but does no damage.
The jackal bites you.
You die...

######### #.......#
##.......#
####.##.......#
#<...##.......#
######.#####...h@..#
.......# #...hhg.#
.##.##.## #.......#####.
........# #.............
#.....#.# #.##..#.##.##.
#.....#.# #.##..#.......
##...##.####.##..........
.#...#.....#.###.#..#....
.##.##..##.#.##..........


You could see 3 jackals and a hobgoblin.

Vanquished Creatures
  A ball python (D:2)
  6 bats
  2 goblins
  2 hobgoblins (D:1)
  A jackal (D:2)
  A giant newt (D:1)
  3 kobolds (D:1)
  A rat (D:1)
17 creatures vanquished.

Notes
Turn   | Place    | Note
--------------------------------------------------------------
     0 | D:1      | JustSomeDude, the Demonspawn Wanderer, began the quest for the Orb.
     0 | D:1      | JustSomeDude set off with: a book of Minor Magic, the Collected Works on the Snowflakes, a +0 ring mail, a +0 club, a bread ration
     0 | D:1      | Reached XP level 1. HP: 15/15 MP: 3/3
     1 | D:1      | Identified the Collected Works on the Snowflakes
     3 | D:1      | Learned a level 1 spell: Magic Dart
   262 | D:1      | Gained mutation: You have sharp fingernails. [demonic ancestry]
   262 | D:1      | Reached XP level 2. HP: 12/21 MP: 5/5
   835 | D:2      | HP: 1/21 [jackal (1)]
   835 | D:2      | Slain by a jackal

Action                   || total
-------------------------++-------
Melee: Club              ||    63
       Unarmed           ||    47
 Fire: Hunting sling     ||     5
 Cast: Magic Dart        ||     5
  Use: Potion            ||     3
       Scroll            ||     1
